 Dungeon Crawl Stone Soup version 0.30.0-3-ga4e48a9924 (webtiles) character file.

Game seed: 5854231621415917632

12377 LustLizard the Geomancer (level 11, 0/67 HPs)
             Began as a Gargoyle Earth Elementalist on May 8, 2023.
             Was a Priest of Makhleb.
             Slain by a death yak (12 damage)
             ... on level 10 of the Dungeon.
             The game lasted 00:16:14 (9234 turns).

LustLizard the Geomancer (GrEE)                     Turns: 9234, Time: 00:16:15

Health: 0/67       AC: 22    Str: 17    XL:     11   Next: 92%
Magic:  6/20       EV: 12    Int: 18    God:    Makhleb [***...]
Gold:   525        SH:  0    Dex: 10    Spells: 8/22 levels left

rFire   . . .        L - +3 quarterstaff of a bazaar {elec, *Rage rElec rN++ Will+}
rCold   . . .        (shield currently unavailable)
rNeg    + + +        R - +0 acid dragon scales
rPois   ∞            (no helmet)
rElec   +            P - +2 cloak of the Wasteland {Str+3}
rCorr   +            (no gloves)
SInv    .            g - +0 pair of boots
Will    +....        i - amulet of magic regeneration
Stlth   ++           m - +4 ring of protection
HPRegen 0.31/turn    x - ring of flight
MPRegen 0.57/turn

%: random rage (20%)
@: flying
A: sickness immunity, AC +8, negative energy resistance 1, electricity
resistance, torment resistance 1, petrification resistance
a: Renounce Religion, Minor Destruction, Lesser Servant of Makhleb


You were on level 10 of the Dungeon.
You worshipped Makhleb.
Makhleb was most pleased with you.
You visited 2 branches of the dungeon, and saw 11 of its levels.

You collected 525 gold pieces.

Inventory:

Hand Weapons
 j - a +0 hand axe
 L - the +3 quarterstaff of a bazaar (weapon) {elec, *Rage rElec rN++ Will+}
   (You found it on level 7 of the Dungeon)

   rElec:     It insulates you from electricity.
   rN:        It greatly protects you from negative energy.
   *Rage:     It berserks you when you make melee attacks (+20% chance).
   Will:      It increases your willpower.
Missiles
 I - 2 throwing nets
Armour
 g - a +0 pair of boots (worn)
 P - the +2 cloak of the Wasteland (worn) {Str+3}
   (You found it on level 9 of the Dungeon)

   Str:       It affects your strength (+3).
 R - +0 acid dragon scales (worn)
Magical Staves
 N - a staff of conjuration
Jewellery
 i - an amulet of magic regeneration (around neck)
 m - a +4 ring of protection (left hand)
 u - a ring of positive energy
 v - an amulet of regeneration
 x - a ring of flight (right hand)
Wands
 l - a wand of flame (9)
 p - a wand of polymorph (10)
 z - a wand of light (4)
 M - a wand of paralysis (10)
 O - a wand of digging (6)
Scrolls
 a - a scroll of torment {unknown}
 d - 3 scrolls of amnesia {unknown}
 h - 2 scrolls of blinking {unknown}
 k - 2 scrolls of immolation {unknown}
 n - 2 scrolls of silence
 r - 2 scrolls of magic mapping {unknown}
 y - 3 scrolls of fear {unknown}
 A - a scroll of summoning
 D - a scroll of teleportation
 G - a scroll of enchant armour {unknown}
 H - a scroll of enchant weapon {unknown}
 J - 2 scrolls of brand weapon {unknown}
Potions
 b - a potion of invisibility {unknown}
 c - 4 potions of curing
 e - 2 potions of resistance
 f - a potion of degeneration {unknown}
 o - 3 potions of cancellation
 q - 3 potions of lignification
 s - 3 potions of mutation
 t - 2 potions of might
 w - a potion of magic
 C - 2 potions of flight
 E - 2 potions of brilliance
 F - 2 potions of haste {unknown}
 K - a potion of berserk rage {unknown}
 Q - a potion of heal wounds {unknown}


   Skills:
 + Level 7.3 Fighting
 + Level 4.2 Dodging
 - Level 5.0 Stealth
 + Level 6.3 Spellcasting
 * Level 10.2 Conjurations
 * Level 4.9 Translocations
 - Level 0.7 Transmutations
 * Level 11.6 Earth Magic
 + Level 4.9 Invocations


You had 8 spell levels left.
You knew the following spells:

 Your Spells              Type           Power      Damage    Failure   Level
a - Sandblast             Erth           94%        2d19      1%          1
b - Stone Arrow           Conj/Erth      90%        3d12      1%          3
c - Iskenderun's Mystic   Conj/Tloc      33%        2d8       7%          4
d - Iron Shot             Conj/Erth      22%        9d5       26%         6

Your spell library contained the following spells:

 Spells                   Type           Power      Damage    Failure   Level
 Passwall                 Tmut/Erth      22%        N/A       1%          2
 Dazzling Flash           Conj/Hex       48%        N/A       6%          3
 Petrify                  Tmut/Erth      27%        N/A       12%         4
 Animate Armour           Summ/Erth      52%        N/A       14%         4
 Portal Projectile        Hex/Tloc       28%        N/A       17%         3
 Volatile Blastmotes      Fire/Tloc      28%        2d12      17%         3
 Tukima's Dance           Hex            5%         N/A       43%         3
 Starburst                Conj/Fire      12%        6d5       96%         6
 Blade Hands              Tmut           4%         N/A       97%         5
 Borgnjor's Revivificati  Necr           2%         N/A       100%        8
 Necromutation            Tmut/Necr      3%         N/A       100%        8
 Death's Door             Necr           2%         N/A       100%        9


Dungeon Overview and Level Annotations

Branches:
Dungeon (10/15)            Temple (1/1) D:5             Orc (0/2) D:9
   Lair: D:8-11

Altars:
Cheibriados
Dithmenos
Elyvilon
Fedhas
Gozag
Hepliaklqana
Kikubaaqudgha
Makhleb
Nemelex Xobeh
Okawaru
Qazlal
Ru
Sif Muna
Trog
Uskayaw
Vehumet
Xom
Zin
The Shining One


Innate Abilities, Weirdness & Mutations

You are immune to sickness and miasma.
Your stone body is resilient. (AC +8)
You are immune to poison.
You resist negative energy. (rN+)
You are resistant to electric shocks. (rElec)
You are resistant to unholy torment.
You are immune to petrification.


Message History

Confirm with . or Enter, or press ? or * to list all spells.
You don't have enough magic to cast this spell.
Unknown command.
Unknown command.
You hit the death yak.
The death yak is almost dead.
The death yak gores you but does no damage.
You sock the death yak!
You kill the death yak!
Makhleb accepts your kill.
You feel better.
The death yak gores you but does no damage.
You hit the death yak but do no damage.
Lightning courses through the death yak!!
The death yak is moderately wounded.
The death yak gores you.
You hit the death yak.
The death yak is moderately wounded.
The death yak closely misses you.
You hit the death yak but do no damage.
The death yak is moderately wounded.
The death yak gores you.
* * * LOW HITPOINT WARNING * * *
The death yak gores you!
* * * LOW HITPOINT WARNING * * *
Casting: Sandblast (safe; 1% risk of failure)
Confirm with . or Enter, or press ? or * to list all spells.
Aiming: Sandblast (safe; 1% risk of failure)
Press: ? - help, Shift-Dir - straight line, f - death yak
Aim: a death yak (moderately wounded, 95% to hit)
The blast of sand hits the death yak but does no damage.
The death yak is moderately wounded.
The death yak gores you but does no damage.
Unknown command.
You feel better. The death yak gores you!
* * * LOW HITPOINT WARNING * * *
You feel better.
The death yak gores you but does no damage.
A demon appears!
The death yak gores you!
You die...

######'##### ##'######## #.##
#..# #..# ###'########
########'## #..........#####
#.........# #..........'....
#.........#####.........†#####
.###.........Y..3#..........#
.Y...........###Y#..........#
####.........# #@#...(......#
##....Y....# #.'..........#
##YY####....# ###..........#
#YY## ###..# ######'##### #†##
#..# #.### #.# #.. #...#
#....# #####'## #..###
#......# # #.## #....).# #


You could see a death yak (ally target) and a friendly neqoxec (summoned).

Vanquished Creatures
  6 death yaks (D:10)
  A manticore (D:8)
  A gargoyle (D:10)
  Prince Ribbit (D:9)
  A hornet (D:9)
  A troll (shapeshifter) (D:8)
  Sigmund (D:6)
  19 yaks
  A wyvern (D:9)
  3 steam dragons
  3 vampire mosquitoes (D:10)
  2 acid dragons
  3 water moccasins
  An orc warrior (D:9)
  An ice beast (D:5)
  A black bear (D:6)
  2 ogres (D:4)
  3 centaurs
  A phantom (D:5)
  3 kobold brigands (D:8)
  5 bullfrogs
  3 scorpions
  9 killer bees
  2 howler monkeys
  2 hounds (D:4)
  A gnoll bouda (D:8)
  2 jellies
  An orc priest (D:3)
  2 sleepcaps
  2 iguanas
  8 orc wizards
  Natasha (thrice) (D:3)
  8 adders
  14 gnolls
  2 ufetubi (D:6)
  3 dart slugs
  28 orcs
  2 bats (D:1)
  4 endoplasms
  12 giant cockroaches
  7 goblins
  4 hobgoblins
  11 jackals
  22 kobolds
  5 quokkas
  7 ball pythons
  5 frilled lizards
  5 rats
234 creatures vanquished.

Vanquished Creatures (collateral kills)
  4 yaks (D:10)
4 creatures vanquished.

Grand Total: 238 creatures vanquished

Notes
Turn   | Place    | Note
-------+----------+-------------------------------------------
     0 | D:1      | LustLizard the Gargoyle Earth Elementalist began the quest
                  | for the Orb.
     0 | D:1      | Reached XP level 1. HP: 10/10 MP: 3/3
   173 | D:1      | Reached XP level 2. HP: 16/16 MP: 3/5
   216 | D:1      | Reached skill level 4 in Earth Magic
   456 | D:1      | Reached skill level 1 in Fighting
   537 | D:1      | Reached XP level 3. HP: 20/20 MP: 4/6
   541 | D:1      | Learned a level 3 spell: Stone Arrow
   793 | D:1      | Found a faded altar of an unknown god.
  1017 | D:2      | Reached skill level 1 in Conjurations
  1137 | D:2      | Reached XP level 4. HP: 25/25 MP: 5/7
  1356 | D:2      | Reached XP level 5. HP: 30/30 MP: 6/8
  1884 | D:3      | Found a shimmering altar of Xom.
  1885 | D:3      | Found a shimmering altar of Xom.
  1886 | D:3      | Found a shimmering altar of Xom.
  1887 | D:3      | Found a shimmering altar of Xom.
  1888 | D:3      | Found a shimmering altar of Xom.
  1889 | D:3      | Found a shimmering altar of Xom.
  1972 | D:3      | Found a sacrificial altar of Ru.
  2002 | D:3      | Noticed Natasha
  2008 | D:3      | Killed Natasha
  2009 | D:3      | Reached skill level 5 in Earth Magic
  2026 | D:3      | Reached XP level 6. HP: 35/35 MP: 10/10
  2038 | D:3      | Found an opulent altar of Gozag.
  2286 | D:3      | Noticed Natasha
  2288 | D:3      | Killed Natasha
  2326 | D:3      | Noticed Natasha
  2329 | D:3      | Killed Natasha
  2401 | D:3      | Found a white marble altar of Elyvilon.
  2750 | D:4      | Reached XP level 7. HP: 23/40 MP: 6/11
  2825 | D:4      | Reached skill level 6 in Earth Magic
  2911 | D:4      | Found a shadowy altar of Dithmenos.
  3043 | D:4      | Found a bloodstained altar of Trog.
  3131 | D:5      | Entered Level 5 of the Dungeon
  3219 | D:5      | Found a staircase to the Ecumenical Temple.
  3226 | Temple   | Entered the Ecumenical Temple
  3347 | Temple   | Became a worshipper of Makhleb the Destroyer
  3442 | D:5      | Found a radiant altar of Vehumet.
  3550 | D:5      | Reached XP level 8. HP: 43/46 MP: 10/13
  3658 | D:5      | Reached skill level 7 in Earth Magic
  3974 | D:5      | Reached skill level 5 in Conjurations
  4255 | D:6      | Noticed Sigmund
  4335 | D:6      | Reached skill level 5 in Stealth
  4388 | D:6      | Reached skill level 8 in Earth Magic
  4427 | D:6      | Found a snail-covered altar of Cheibriados.
  4549 | D:6      | Killed Sigmund
  4550 | D:6      | Reached XP level 9. HP: 52/52 MP: 6/15
  4883 | D:7      | Found a shimmering blue altar of Sif Muna.
  4917 | D:7      | Reached skill level 5 in Fighting
  5231 | D:7      | Identified the +3 quarterstaff of a bazaar {elec, *Rage
                  | rElec rN++ Will+}
  5349 | D:8      | Reached skill level 9 in Earth Magic
  5409 | D:8      | Reached skill level 1 in Invocations
  5423 | D:8      | Reached * piety under Makhleb
  5434 | D:8      | Reached skill level 5 in Spellcasting
  5703 | D:8      | Reached XP level 10. HP: 59/59 MP: 15/17
  6489 | D:8      | Learned a level 4 spell: Iskenderun's Mystic Blast
  6519 | D:8      | Reached skill level 10 in Earth Magic
  6526 | D:8      | Noticed a manticore
  6530 | D:8      | Killed a manticore
  6801 | D:9      | Reached skill level 1 in Translocations
  6872 | D:9      | Found an ancient bone altar of Kikubaaqudgha.
  7110 | D:9      | Noticed Prince Ribbit
  7114 | D:9      | Killed Prince Ribbit
  7181 | D:9      | Reached ** piety under Makhleb
  7410 | D:9      | Found a hide-covered altar of Uskayaw.
  7453 | D:9      | Identified the +2 cloak of the Wasteland {Str+3}
  7527 | D:9      | Learned a level 6 spell: Iron Shot
  8056 | D:9      | Found a staircase to the Orcish Mines.
  8259 | D:10     | Entered Level 10 of the Dungeon
  8259 | D:10     | Noticed a gargoyle
  8261 | D:10     | Killed a gargoyle
  8352 | D:10     | Reached XP level 11. HP: 60/66 MP: 17/19
  8378 | D:10     | HP: 3/66 [yak (2)]
  8872 | D:10     | Noticed a death yak
  8874 | D:10     | Noticed a death yak
  8876 | D:10     | Noticed a death yak
  8876 | D:10     | Noticed a death yak
  8877 | D:10     | Noticed a death yak
  8884 | D:10     | Noticed a death yak
  8885 | D:10     | Killed a death yak
  8886 | D:10     | Reached skill level 11 in Earth Magic
  8887 | D:10     | Noticed a death yak
  8895 | D:10     | Killed a death yak
  8909 | D:10     | Killed a death yak
  9085 | D:10     | Reached *** piety under Makhleb
  9170 | D:10     | Killed a death yak
  9171 | D:10     | Reached skill level 10 in Conjurations
  9219 | D:10     | Killed a death yak
  9227 | D:10     | Killed a death yak
  9234 | D:10     | Slain by a death yak

Illustrated notes

Levels and vault maps discovered:
D:1:      dpeg_arrival_more_subterranean_lakeside_camping, layout_rooms,
          nicolae_ecumenical_lake_church, chequers_serial_rivers_small_3,
          minmay_surrounded
D:2:      layout_basic, minmay_fractal_squares_5
D:3:      minmay_roachtagon, layout_basic, nicolae_overflow_hidden_temple,
          grunt_gozag_breadcrumbs, nicolae_ru_awakened_eye, xom_redecorated,
          uniq_natasha
D:4:      layout_cave_pools, lightli_temple_of_fire,
          nicolae_dithmenos_through_a_glass_darkly
D:5:      layout_basic, vehumet_altar_wand_db, minmay_temple_entry_trees,
          st_stairs_11, dk_vineyard_1, hex_medium
D:6:      layout_cave_pools, mainiacjoe_overflow_catwalk, uniq_sigmund
D:7:      layout_basic, kennysheep_mini_moat
D:8:      layout_layer_cave, minmay_three_doors
D:9:      layout_layer_cave, mainiacjoe_overflow_six_doors_small,
          old_standard_altar, orc_0_dummy, uniq_prince_ribbit1
D:10:     layout_roguey, gammafunk_temple_overflow_claw, dpeg_lair_monsters
Temple:   hellmonk_temple_beads

Skill      XL: |  1  2  3  4  5  6  7  8  9 10 11 |
---------------+----------------------------------+-----
Earth Magic    | 4 5 6 8 9 10 11 | 11.6
Fighting       | 1 2 3 4 5 6 7 |  7.3
Conjurations   | 1 2 3 4 6 7 9 10 | 10.2
Stealth        | 3 4 5 |  5.0
Spellcasting   | 3 4 5 6 |  6.3
Invocations    | 2 3 4 |  4.9
Dodging        | 2 3 4 |  4.2
Translocations | 3 4 |  4.9
Transmutations | |  0.7

Action                     |  1- 3 |  4- 6 |  7- 9 | 10-12 || total
---------------------------+-------+-------+-------+-------++-------
  Melee: Short sword       |    17 |       |       |       ||    17
         Unarmed           |     3 |       |       |       ||     3
         Quarterstaff      |       |       |     2 |     5 ||     7
   Cast: Sandblast         |    47 |    99 |   149 |   173 ||   468
         Stone Arrow       |       |     1 |    22 |    34 ||    57
 Invoke: Lesser Servant of |       |       |       |     1 ||     1
    Use: Potion            |     1 |       |       |     3 ||     4
         Scroll            |       |       |    10 |     5 ||    15
 Armour: Leather armour    |    15 |    45 |     6 |       ||    66
         Steam dragon scal |       |       |    51 |    55 ||   106
         Acid dragon scale |       |       |       |    26 ||    26
  Dodge: Dodged            |    36 |    25 |    80 |   120 ||   261
